 Dungeon Crawl Stone Soup version 0.20-a0-187-ge5586d949a (webtiles) character file.

338 mopl the Vexing (level 6, 0/36 HPs)
             Began as a Felid Enchanter on Nov 23, 2016.
             Was an Initiate of Ashenzari.
             Slain by a scorpion (6 damage)
             ... on level 5 of the Dungeon.
             The game lasted 00:12:28 (4477 turns).

mopl the Vexing (Felid Enchanter)                   Turns: 4477, Time: 00:12:29

Health: 0/36       AC: 23    Str:  2 (4)  XL:     6   Next: 29%
Magic:  4/10       EV:  4    Int: 17 (18) God:    Ashenzari [......]
Gold:   194        SH:  0    Dex: 15 (17) Spells: 0/9 levels left
                                        Lives:  0   Deaths: 1

rFire  . . .     SeeInvis +       - Unarmed
rCold  . . .     Gourm    .     (armour unavailable)
rNeg   + + +     Faith    .     (shield unavailable)
rPois  +         Spirit   .     (helmet unavailable)
rElec  .         Reflect  .     (cloak unavailable)
rCorr  .         Harm     .     (gloves unavailable)
MR     +....     NoTele   +     (boots unavailable)
Stlth  ++++......               (no amulet)
                                x - ring of flight
                                u - ring of protection from magic

@: tree-form
A: no armour, no weapons or thrown items, stealth, (claws 0), (fangs 0), see
invisible, carnivore 3, (speed 0), (shaggy fur 0), slow metabolism 1, (sharp
paws)
a: Curse Item, Renounce Religion


You were on level 5 of the Dungeon.
You worshipped Ashenzari.
Ashenzari was noncommittal.
You were not hungry.
You were a tree.
You visited 2 branches of the dungeon, and saw 6 of its levels.
You also visited: Ossuary.

You collected 194 gold pieces.

Inventory:

Jewellery
 u - a ring of protection from magic (left branch)
 x - a ring of flight (right branch)
Wands
 y - a wand of lightning (6/15)
Scrolls
 c - 3 scrolls of recharging {unknown}
 d - 4 scrolls of remove curse
 h - 2 scrolls of enchant weapon {unknown}
 k - 2 scrolls of random uselessness {unknown}
 m - 3 scrolls of teleportation {unknown}
 p - 2 scrolls of immolation {unknown}
 s - a scroll of fear {unknown}
 t - 2 scrolls of fog {unknown}
 v - a scroll of noise {unknown}
Potions
 e - 4 potions of curing {unknown}
 f - a potion of berserk rage {!q}
 i - 2 potions of degeneration
 j - 2 potions of brilliance {unknown}
 l - 4 potions of agility {unknown}
 n - 2 potions of haste
 o - a potion of resistance
 q - a potion of lignification {!q}
Books
 a - a book of Maledictions

   Spells                             Type                      Level
   a - Corona                         Hexes                        1
   b - Ensorcelled Hibernation        Hexes/Ice                    2
   c - Confuse                        Hexes                        3
   d - Tukima's Dance                 Hexes                        3
   e - Dazzling Spray                 Conjuration/Hexes            3
Comestibles
 b - 3 meat rations
 g - 2 slices of pizza
 w - a royal jelly


   Skills:
 - Level 2.6 Dodging
 + Level 7.4 Stealth
 - Level 1.0 Unarmed Combat
 - Level 2.0 Spellcasting
 + Level 7.9 Hexes
 + Level 3.5 Ice Magic


You couldn't memorise any spells.
You knew the following spells:

 Your Spells              Type           Power        Failure   Level  Hunger
a - Corona                Hex            ####...      1%          1    #......
b - Ensorcelled Hibernat  Hex/Ice        ###...       2%          2    ###....
c - Confuse               Hex            ####....     2%          3    ###....
g - Dazzling Spray        Conj/Hex       ###...       14%         3    ###....


Dungeon Overview and Level Annotations

Branches:
Dungeon (5/15)             Temple (1/1) D:5

Altars:
Ashenzari
Cheibriados
Fedhas
Gozag
Hepliaklqana
Kikubaaqudgha
Okawaru
Qazlal
Ru
Sif Muna
Trog
Uskayaw
Vehumet
Xom
Zin

Shops:
D:4 (

Annotations:
D:5 Grinder


Innate Abilities, Weirdness & Mutations

You cannot wear armour.
You are incapable of wielding weapons or throwing items.
Your paws allow you to move quietly. (Stealth)
((You have sharp claws.))
((You have razor-sharp teeth.))
You have supernaturally acute eyesight. (SInv)
You are carnivorous and can eat meat at any time.
((You cover ground quickly.))
((You are covered in thick fur. (AC +2)))
You have a slow metabolism.
((Your sharp claws are effective at attacking unaware monsters.))


Message History

The orc is heavily wounded.
The orc hits you but does no damage. The orc barely misses you.
You closely miss the orc.
The orc is heavily wounded.
The orc barely misses you. The orc hits you but does no damage.
You smack the orc!
You kill the orc!
The orc hits you but does no damage.
You hit the orc.
The orc is moderately wounded.
You hit the orc.
You kill the orc!
You cannot move.
You cannot move.
Unknown command.
The scorpion stings you but does no damage.
You hit the scorpion.
The scorpion is moderately wounded.
The scorpion stings you.
You die...

# ....)....... ### #....
............ #.# #...
............ ..# #...
............ ).### #..
............. ##..# ∩ #..
.........##.. #.8.## #.#
...........# .....# #)#
...........## ##...# #♣#
............) .....##
##s###...........##
......#########....#.#....(....#
...................#.+.........##
...........o#......#%#...........
...................#.#...........
...o.............#.#.#.####......
...###o.........5#...# #.........
...# #............#..# #.#.......


You could see Grinder (wandering) and a scorpion.

Vanquished Creatures
  An ogre (D:4)
  A howler monkey (D:5)
  A centaur zombie (Ossuary)
  A hound (D:4)
  An iguana (D:4)
  3 orc priests
  2 orc wizards (D:5)
  A worker ant (D:4)
  7 adders
  2 adder zombies (Ossuary)
  A worm (D:2)
  2 dart slugs
  3 leopard geckos
  14 orcs
  2 ball pythons
  3 giant cockroaches
  9 goblins
  3 hobgoblins
  4 jackals
  7 kobolds
  3 quokkas
  7 bats
  A frilled lizard (D:3)
  A goblin zombie (Ossuary)
  10 hobgoblin zombies (Ossuary)
  A jackal zombie (Ossuary)
  6 kobold zombies (Ossuary)
  4 orc zombies (Ossuary)
  10 rats
  A fungus (D:2)
112 creatures vanquished.

Notes
Turn   | Place    | Note
-------+----------+-------------------------------------------
     0 | D:1      | mopl the Felid Enchanter began the quest for the Orb.
     0 | D:1      | Reached XP level 1. HP: 7/7 MP: 4/4
   363 | D:1      | Reached XP level 2. HP: 11/11 MP: 6/6
   369 | D:1      | Learned a level 2 spell: Ensorcelled Hibernation
   748 | D:1      | Reached skill level 5 in Hexes
   783 | D:2      | Reached skill level 1 in Ice Magic
   786 | D:2      | Found a deep blue altar of Sif Muna.
   788 | D:2      | Found an opulent altar of Gozag.
   854 | D:2      | Reached XP level 3. HP: 12/14 MP: 5/7
   859 | D:2      | Learned a level 3 spell: Confuse
   927 | D:2      | Reached skill level 5 in Stealth
   944 | D:2      | Found a sacrificial altar of Ru.
  1384 | D:2      | Reached XP level 4. HP: 16/18 MP: 1/8
  1771 | D:3      | You fall through a shaft!
  1920 | D:4      | Reached skill level 6 in Hexes
  2326 | D:4      | Reached skill level 2 in Ice Magic
  2326 | D:4      | Reached XP level 5. HP: 16/21 MP: 3/9
  2355 | D:4      | Found Yhakuok's Weapon Emporium.
  2406 | D:4      | Noticed an ogre
  2420 | D:4      | Killed an ogre
  2420 | D:4      | Reached skill level 6 in Stealth
  2749 | D:4      | Gained mutation: You are covered in thick fur. (AC +2) [Felid growth]
  2749 | D:4      | Reached XP level 6. HP: 17/24 MP: 5/10
  2884 | D:4      | Reached skill level 7 in Hexes
  3197 | D:3      | Reached skill level 3 in Ice Magic
  3395 | D:3      | Reached skill level 7 in Stealth
  3549 | D:5      | Entered Level 5 of the Dungeon
  3568 | D:5      | Learned a level 3 spell: Dazzling Spray
  3619 | D:5      | Noticed Grinder
  3909 | D:5      | Found a staircase to the Ecumenical Temple.
  3918 | D:5      | Found a sand-covered staircase.
  3920 | Temple   | Entered the Ecumenical Temple
  3929 | Temple   | Became a worshipper of Ashenzari the Shackled
  3951 | Ossuary  | Entered an ossuary
  4348 | Ossuary  | Mangled by a mummy
  4349 | Ossuary  | Reached XP level 5. HP: -9/21 MP: 9/9
  4405 | Ossuary  | Reached XP level 6. HP: 17/24 MP: 10/10
  4477 | D:5      | Slain by a scorpion

Vault maps used:
D:1:      minmay_arrival_wavy_path
D:2:      nicolae_ru_the_path_less_chosen, grunt_temple_overflow_open,
          first_bread, hangedman_abyss_or_decor_stabs
D:4:      serial_shops, nicolae_shop_behind_doors, kennysheep_generic_room_3
D:5:      gup_sewer_entry_spiral, lightli_ossuary_entry_decrepit_ruins,
          kb_lookout_dungeons_type, serial_park_tiny_pond, uniq_sigmund,
          uniq_grinder
Temple:   nicolae_temple_no_exploring_needed
Ossuary:  ossuary_tomb_1

Skill      XL: |  1  2  3  4  5  6 |
---------------+-------------------+-----
Hexes          | 5 6 7 |  7.9
Ice Magic      | 1 2 3 |  3.5
Stealth        | 5 6 7 |  7.4
Dodging        | |  2.6
Unarmed Combat | |  1.0
Spellcasting   | |  2.0

Action                   |  1- 3 |  4- 6 || total
-------------------------+-------+-------++-------
Melee: Unarmed           |    99 |   266 ||   365
       Bite              |     6 |    22 ||    28
 Cast: Corona            |     2 |     2 ||     4
       Ensorcelled Hiber |    15 |    53 ||    68
       Confuse           |       |    13 ||    13
  Use: Potion            |       |     6 ||     6
       Scroll            |       |     4 ||     4
 Stab: Sleeping          |    27 |    36 ||    63
       Confused          |       |     6 ||     6
  Eat: Chunk             |     9 |     8 ||    17
Armor: Skin              |     5 |    35 ||    40
Dodge: Dodged            |    73 |   223 ||   296
